 Dungeon Sprint DCSS version 0.31-a0-142-g31f6795574 (webtiles) character file.

Game seed: 1036564817082355432

3993 Conn the Arsonist (level 10, -4/60 HPs)
             Began as an Octopode Fire Elementalist on June 3, 2023.
             Was a Priest of Sif Muna.
             Shot with a bolt by a yaktaur captain (31 damage)
             ... in the Dungeon (Sprint II: "The Violet Keep of Menkaure").
             The game lasted 00:11:33 (876 turns).

Conn the Arsonist (Octopode Fire Elementalist)       Turns: 876, Time: 00:11:34

Health: -4/60      AC:  3    Str:  5 (7)  XL:     10   Next: 23%
Magic:  13/23      EV: 16    Int: 20 (23) God:    Sif Muna [***...]
Gold:   2116       SH:  0    Dex: 10 (12) Spells: 16/28 levels left

rFire   . . .        j - +1 falchion (holy)
rCold   . . .        (no shield)
rNeg    . . .        h - +2 hat
rPois   .            (no amulet)
rElec   .            (no ring)
rCorr   .            (no ring)
SInv    .            (no ring)
Will    .....        (no ring)
Stlth   +++++        (no ring)
HPRegen 0.30/turn    (no ring)
MPRegen 0.18/turn    (no ring)
                     (no ring)

%: no teleportation
@: no status effects
A: almost no armour, amphibious, 8 rings, camouflage 1, gelatinous body 1,
(nimble swimmer 1), tentacles
a: Renounce Religion, Channel Magic, Forget Spell


You were in the Dungeon.
You worshipped Sif Muna.
Sif Muna was most pleased with you.
You visited 1 branch You collected 2116 gold pieces.

Inventory:

Hand Weapons
 j - a +1 falchion of holy wrath (weapon)
Armour
 h - a +2 hat (worn)
Scrolls
 d - a scroll of butterflies
 f - a scroll of vulnerability
 k - a scroll of enchant armour
 q - a scroll of immolation
 r - a scroll of fog
 s - a scroll of blinking
Potions
 a - 5 potions of magic
 b - 3 potions of curing
 c - 2 potions of mutation
 e - 3 potions of resistance
 i - 2 potions of enlightenment
 m - a potion of invisibility {unknown}
 n - a potion of brilliance {unknown}
 p - a potion of cancellation {unknown}
 t - a potion of lignification {unknown}


   Skills:
 + Level 1.7 Fighting
 * Level 10.3 Dodging
 + Level 8.1 Stealth
 + Level 9.6 Spellcasting
 * Level 9.3 Conjurations
 + Level 1.2 Hexes
 * Level 3.3 Translocations
 + Level 13.4 Fire Magic
 * Level 8.0 Invocations


You had 16 spell levels left.
You knew the following spells:

 Your Spells              Type           Power      Damage    Failure   Level
a - Foxfire               Conj/Fire      100%       2x1d9     1%          1
b - Scorch                Fire           100%       2d9       1%          2
c - Inner Flame           Hex/Fire       39%        N/A       1%          3
d - Flame Wave            Conj/Fire      53%        2d13      1%          4
e - Blink                 Tloc           46%        N/A       2%          2

Your spell library contained the following spells:

 Spells                   Type           Power      Damage    Failure   Level
 Momentum Strike          Conj/Tloc      70%        3d9       1%          2
 Volatile Blastmotes      Fire/Tloc      86%        2d17      1%          3
 Lesser Beckoning         Tloc           46%        N/A       2%          2


Dungeon Overview and Level Annotations

Branches:
Dungeon (1/1)

Altars:
Cheibriados
Dithmenos
Elyvilon
Fedhas
Gozag
Hepliaklqana
Kikubaaqudgha
Makhleb
Nemelex Xobeh
Okawaru
Qazlal
Ru
Sif Muna
Trog
Uskayaw
Vehumet
Wu Jian
Xom
Yredelemnul
Zin
The Shining One
Jiyva
Lugonu

Annotations:
D exclusion: ice statue, Kirke


Innate Abilities, Weirdness & Mutations

You cannot wear most types of armour.
You are amphibious.
You can wear up to eight rings at the same time.
Your skin changes colour to match your surroundings (Stealth+).
Your rubbery body absorbs attacks. (AC +1, EV +1)
((You are camouflaged when in or above water. (Stealth+)))
You have tentacles for arms and can constrict up to eight enemies at once.


Message History

Okay, then.
Unknown command.
Okay, then.
Unknown command.
Okay, then.
Unknown command.
Okay, then.
You feel better.
The foxfire hits the yaktaur captain.
Flame seeps out of the yaktaur captain.
The yaktaur captain is moderately wounded.
The centaur warrior is engulfed in a cloud of scalding steam.
The yaktaur captain is engulfed in blazing flames.
Flame seeps out of the yaktaur captain.
The yaktaur captain shoots a bolt.
The bolt misses you. The bolt hits your foxfire!!!
An elephant comes into view.
Casting: Foxfire (safe; 1% risk of failure)
Confirm with . or Enter, or press ? or * to list all spells.
You conjure some foxfire!
The elephant trumpets!
The yaktaur captain is engulfed in blazing flames.
Flame seeps out of the yaktaur captain.
The skeletal warrior is engulfed in a cloud of scalding steam.
You aren't carrying any items that you can evoke.
Unknown command.
Unknown command.
You aren't carrying any items that you can evoke.
Unknown command.
Unknown command.
It was a potion of degeneration.
There was something very wrong with that liquid.
You feel weakened.
You feel dopey.
You feel clumsy.
The foxfire hits the yaktaur captain.
Flame seeps out of the yaktaur captain.
The yaktaur captain is heavily wounded.
The centaur warrior is engulfed in blazing flames.
A centaur warrior opens the gate.
The yaktaur captain is engulfed in blazing flames.
Flame seeps out of the yaktaur captain.
The yaktaur captain shoots a bolt.
The bolt hits you!!
Ouch! That really hurt!
You die... ####+#### ##....○☼.## ##☼...○.○..## ▓▓ +.....8○....# +. @ #....°.... #. zc.

#..°... #.
###~~#'''#+++## #
##~~Y.cc.@v...# #
.#~~~~z##+##..# #
.#~~~§##...##.####
+.##.#
.#~~~~#..#..#....#
...## .#~~#
##.#.####..## #^.##
.#~##l ##†## .##..#
+..#. .#~
#.##.##.B.#..# #.^#.
.+ #+.<.+#
+..####..##
#.##.##.B$#....###...


You could see a yaktaur captain (inner flame, ally target), an ice statue, an
elephant, a skeletal warrior and a centaur warrior.

Vanquished Creatures
  A kraken (D)
  2 deep trolls (D)
  A yaktaur (D)
  A hornet (D)
  3 polar bears (D)
  Menkaure (D)
  5 water moccasins (D)
  4 necrophages (D)
  3 worms (D)
  3 tentacles (D)
24 creatures vanquished.

Vanquished Creatures (others)
  62 foxfires (D)
  43 tentacles (D)
105 creatures vanquished.

Grand Total: 129 creatures vanquished

Notes
Turn   | Place    | Note
-------+----------+-------------------------------------------
     0 | D        | Conn the Octopode Fire Elementalist began the quest for the
                  | Orb.
     0 | D        | Reached XP level 1. HP: 11/11 MP: 3/3
     1 | D        | Noticed a wyvern
     1 | D        | Noticed a wyvern
     5 | D        | Noticed a boulder beetle
     5 | D        | Noticed a boulder beetle
    12 | D        | Noticed a necrophage
    12 | D        | Noticed a necrophage
    12 | D        | Noticed a necrophage
    12 | D        | Noticed a necrophage
    18 | D        | Killed a necrophage
    19 | D        | Reached skill level 5 in Fire Magic
    19 | D        | Reached XP level 2. HP: 17/17 MP: 4/6
    19 | D        | Reached XP level 3. HP: 21/21 MP: 4/7
    22 | D        | Killed a necrophage
    23 | D        | Reached skill level 6 in Fire Magic
    23 | D        | Reached XP level 4. HP: 27/27 MP: 4/9
    27 | D        | Killed a necrophage
    28 | D        | Reached skill level 5 in Dodging
    28 | D        | Reached skill level 7 in Fire Magic
    28 | D        | Reached XP level 5. HP: 32/32 MP: 4/11
    32 | D        | Reached skill level 5 in Stealth
    32 | D        | Reached skill level 8 in Fire Magic
    32 | D        | Reached XP level 6. HP: 23/37 MP: 5/12
    44 | D        | Learned a level 2 spell: Scorch
    48 | D        | Learned a level 3 spell: Inner Flame
    53 | D        | Learned a level 4 spell: Flame Wave
    70 | D        | Reached skill level 5 in Conjurations
    78 | D        | Noticed Menkaure
    84 | D        | Killed Menkaure
    85 | D        | Reached skill level 5 in Spellcasting
    85 | D        | Reached skill level 9 in Fire Magic
    90 | D        | Found a snail-covered altar of Cheibriados.
    91 | D        | Found a shadowy altar of Dithmenos.
    92 | D        | Found a white marble altar of Elyvilon.
    92 | D        | Found an ancient bone altar of Kikubaaqudgha.
    92 | D        | Found a viscous altar of Jiyva.
    93 | D        | Found a blossoming altar of Fedhas.
    93 | D        | Found a corrupted altar of Lugonu.
    93 | D        | Found a shimmering blue altar of Sif Muna.
    94 | D        | Found an opulent altar of Gozag.
    94 | D        | Found a burning altar of Makhleb.
    94 | D        | Found a bloodstained altar of Trog.
    95 | D        | Found a sparkling altar of Nemelex Xobeh.
    95 | D        | Found a hide-covered altar of Uskayaw.
    96 | D        | Found a basalt altar of Yredelemnul.
    96 | D        | Noticed a water moccasin
    97 | D        | Found an iron altar of Okawaru.
    97 | D        | Found a radiant altar of Vehumet.
    97 | D        | Found a glowing silver altar of Zin.
    97 | D        | Found a hazy altar of Hepliaklqana.
    97 | D        | Found a sacrificial altar of Ru.
    97 | D        | Found a shimmering altar of Xom.
    98 | D        | Found a stormy altar of Qazlal.
    98 | D        | Found an ornate altar of the Wu Jian Council.
    98 | D        | Found a glowing golden altar of the Shining One.
   101 | D        | Noticed a water moccasin
   102 | D        | Noticed a water moccasin
   105 | D        | Became a worshipper of Sif Muna the Loreminder
   126 | D        | Noticed a polar bear
   127 | D        | Noticed a yaktaur
   127 | D        | Noticed a hornet
   135 | D        | Noticed a polar bear
   136 | D        | Noticed a polar bear
   150 | D        | Killed a hornet
   150 | D        | Killed a polar bear
   150 | D        | Killed a polar bear
   150 | D        | Reached * piety under Sif Muna
   150 | D        | Killed a yaktaur
   151 | D        | Reached skill level 1 in Fighting
   151 | D        | Reached skill level 11 in Fire Magic
   151 | D        | Reached XP level 7. HP: 19/43 MP: 9/17
   151 | D        | Reached XP level 8. HP: 22/48 MP: 9/18
   152 | D        | Killed a polar bear
   153 | D        | Reached skill level 5 in Invocations
   180 | D        | Reached ** piety under Sif Muna
   290 | D        | Noticed a kraken
   429 | D        | Killed a kraken
   430 | D        | Reached skill level 12 in Fire Magic
   430 | D        | Reached XP level 9. HP: 27/54 MP: 10/21
   566 | D        | Learned a level 2 spell: Blink
   577 | D        | Reached skill level 1 in Translocations
   654 | D        | Identified a scroll of acquirement
   658 | D        | Acquired 1233 gold pieces
   663 | D        | Noticed a deep troll
   663 | D        | Noticed a deep troll
   671 | D        | Killed a deep troll
   671 | D        | Reached *** piety under Sif Muna
   672 | D        | Reached skill level 10 in Dodging
   672 | D        | Reached skill level 1 in Hexes
   672 | D        | Reached skill level 13 in Fire Magic
   672 | D        | Reached XP level 10. HP: 60/60 MP: 11/23
   677 | D        | Killed a deep troll
   860 | D        | Noticed an ice statue
   863 | D        | Noticed Kirke
   863 | D        | Noticed a skeletal warrior
   863 | D        | Noticed a yaktaur captain
   871 | D        | HP: 2/60 [yaktaur captain/bolt (36)]
   872 | D        | Noticed a centaur warrior
   874 | D        | Noticed an elephant
   876 | D        | Shot with a bolt by a yaktaur captain

Illustrated notes

Levels and vault maps discovered:
D:        the_violet_keep_of_menkaure [sprint2_stairs_cluster_1,
          sprint2_shoproom, sprint2_temple, sprint2_basic_supplies,
          sprint2_obstacle_5, sprint2_obstacle_1, sprint2_obstacle_2,
          sprint2_obstacle_3, sprint2_obstacle_4, sprint2_timed_cluster_1,
          sprint2_smallroom_cluster_1, sprint2_smallroom_final_cluster_1,
          sprint2_transparent_cluster_1, sprint2_second_timed_cluster_1,
          sprint2_sniper_area_1, sprint2_heavy_combat_area_1,
          sprint2_mutation_trap_area_1, sprint2_forest_area_1,
          sprint2_light_combat_area_1, sprint2_behind_water_1,
          sprint2_near_end_vault_1]

Skill      XL: |  1  2  3  4  5  6  7  8  9 10 |
---------------+-------------------------------+-----
Dodging        | 3 4 5 8 9 10 | 10.3
Stealth        | 3 4 5 7 8 |  8.1
Spellcasting   | 3 4 6 8 9 |  9.6
Conjurations   | 3 4 7 8 9 |  9.3
Fire Magic     | 5 6 7 8 11 12 13 | 13.4
Fighting       | 1 |  1.7
Invocations    | 4 7 8 |  8.0
Translocations | 2 3 |  3.3
Hexes          | 1 |  1.2

Action                     |  1- 3 |  4- 6 |  7- 9 | 10-12 || total
---------------------------+-------+-------+-------+-------++-------
  Melee: Unarmed           |     8 |    10 |       |       ||    18
         Constrict         |     2 |     3 |       |     1 ||     6
         Tentacles         |     2 |     3 |       |     1 ||     6
         Falchion          |       |       |       |     1 ||     1
   Cast: Foxfire           |       |     4 |    42 |     4 ||    50
         Flame Wave        |       |     2 |     1 |     2 ||     5
         Scorch            |       |     1 |    22 |     3 ||    26
         Inner Flame       |       |     1 |     3 |     1 ||     5
 Invoke: Channel Magic     |       |       |     2 |       ||     2
    Use: Potion            |     2 |     2 |     2 |     3 ||     9
         Scroll            |       |     1 |     8 |       ||     9
   Stab: Sleeping          |       |     1 |       |     1 ||     2
 Armour: Skin              |       |       |       |     1 ||     1
  Dodge: Dodged            |     2 |    14 |    12 |     4 ||    32

Table legend: (Time is in decaauts)
 A = Elapsed time spent in this place.
 B = Non-inter-level travel time spent in this place.
 C = Inter-level travel time spent in this place.
 D = Time resting spent in this place.
 E = Time spent auto-exploring this place.
 F = Levels seen in this place.
 G = Mean time per level.
                   A        B        C        D        E       F      G
               +--------+--------+--------+--------+--------+-----+--------+
         Total |    869 |    869 |      0 |    312 |      0 |   1 |  869.0 |
       Dungeon |    869 |    869 |      0 |    312 |      0 |   1 |  869.0 |
               +--------+--------+--------+--------+--------+-----+--------+

Top non-repeatable levels by time:
       D: 869 daAuts
